AoeStats
← VeteRocha

Fortress

509112650Analyzed
2v2 RM · 7d ago on Sep 25, 2026· 28m 44s· 4 players
Game mode
Random Map
Map size
Normal (6 player)
Population
200
Speed
Normal
Resources
Standard
Victory
Conquest
Starting age
Dark Age
Ending age
Imperial Age
RankedLock teamsTeams togetherTeam positionsShared explorationLock speedFull tech treeHidden civsTurbo modeCheats
Victory
Defeat
🇦🇷 Bulgarians · Argentina
1056
+12
🇹🇷 Spanish · Türkiye
1022
+14
🇦🇷 Bulgarians · Argentina
975
-13
🇲🇽 Turks · Mexico
971
-37
FreshCarp8370
7:23 Feudal Age
8:00 Horse Collar
12:15 Castle Age
10:02 Double-Bit Axe
10:05 Loom
11:02 Gold Mining
18:34 Heavy Plow
19:33 Town Watch
28:40 Imperial Age
29:13 Bow Saw
VeteRocha
6:12 Feudal Age
7:08 Double-Bit Axe
7:48 Gold Mining
7:51 Loom
13:18 Castle Age
11:19 Horse Collar
12:27 Forging
12:09 Fletching
13:49 Wheelbarrow
14:00 Heavy Plow
16:08 Bow Saw
21:33 Bodkin Arrow
24:20 Town Watch
26:19 Iron Casting
25:59 Scale Mail Armor
Jon Doe9482
5:04 Feudal Age
7:15 Wheelbarrow
8:28 Double-Bit Axe
11:34 Stone Mining
17:13 Gold Mining
30:38 Castle Age
soldadPERON
5:49 Loom
8:07 Feudal Age
13:23 Castle Age
12:44 Scale Mail Armor
15:10 Forging
16:22 Iron Casting
18:53 Fletching
19:14 Double-Bit Axe
19:14 Horse Collar
Connection lost

Rejoining the realm…

Still unreachable

The connection could not be restored.

Session expired

The server has moved on; the page needs a fresh start.